 Dungeon Crawl Stone Soup version 0.12.2-14-g7c90c79 (webtiles) character file.

272 MarVin the Covered (level 4, -1/36 HPs)
             Began as a Demonspawn Fighter on Aug 5, 2013.
             Killed from afar by Crazy Yiuf (7 damage)
             ... with a wand of magic darts
             ... on Level 3 of the Dungeon.
             The game lasted 00:05:50 (2055 turns).

MarVin the Covered (Demonspawn Fighter)             Turns: 2055, Time: 00:05:50

HP  -1/36        AC  6     Str 17      XL: 4   Next: 84%
MP   3/3         EV  5     Int 10      God:
Gold 146         SH 18     Dex 12      Spells:  0 memorised,  3 levels left

Res.Fire  : . . .   See Invis. : .   a - +0 hand axe {=f}
Res.Cold  : . . .   Warding    : .   b - +0 scale mail
Life Prot.: . . .   Conserve   : .   c - +0 shield
Res.Poison: .       Res.Corr.  : .   (no helmet)
Res.Elec. : .       Clarity    : .   (no cloak)
Sust.Abil.: . .     Spirit.Shd : .   (no gloves)
Res.Mut.  : .       Stasis     : .   (no boots)
Res.Rott. : .       Ctrl.Telep.: .   (no amulet)
Saprovore : . . .   Flight     : .   (no ring)
                                     (no ring)

@: slightly resistant to hostile enchantments, extremely unstealthy
A: no striking features
a: no special abilities


You were on level 3 of the Dungeon.
You were not hungry.

You visited 1 branch of the dungeon, and saw 3 of its levels.

You collected 126 gold pieces.

Inventory:

Hand weapons
 a - a +0,+0 hand axe (weapon) {=f}
Armour
 b - a +0 scale mail (worn)
 c - a +0 shield (worn)
Comestibles
 d - 3 bread rations
 k - a cheese
 p - a meat ration
 z - a chunk of giant gecko flesh
Scrolls
 f - a scroll of amnesia {unknown}
 h - a scroll of curse jewellery {unknown}
 l - 3 scrolls of enchant weapon II {unknown}
 n - 2 scrolls of recharging {unknown}
 o - 4 scrolls of identify {unknown}
 q - a scroll of teleportation {unknown}
 x - a scroll of remove curse {unknown}
 y - a scroll of magic mapping {unknown}
Jewellery
 t - an uncursed ring of fire {unknown}
 u - a +3 ring of dexterity {unknown}
 v - an uncursed amulet of warding {unknown}
Potions
 e - a potion of heal wounds {unknown}
 g - 3 potions of curing {unknown}
 i - 2 potions of restore abilities {unknown}
 j - a potion of cure mutation {unknown}
 m - 2 potions of paralysis {unknown}
 r - a potion of poison {unknown}
 s - a potion of resistance {unknown}


   Skills:
 - Level 3.3 Fighting
 + Level 3.2 Axes
 - Level 3.6 Armour
 - Level 0.8 Dodging
 - Level 2.9 Shields
 - Level 0.1 Traps


You had 3 spell levels left.
You didn't know any spells.

Dungeon Overview and Level Annotations

Branches:
Dungeon (3/27)

Altars:
Kikubaaqudgha

Annotations
D:3 Crazy Yiuf


Message History

The orc is almost dead.
The orc hits you but does no damage.
You hit the orc but do no damage.
The orc is almost dead.
The orc hits you but does no damage.
You barely miss the orc.
The orc is almost dead.
Crazy Yiuf yells, "Dawk green ladder!"
You block the orc's attack.
You hit the orc.
You kill the orc!
Crazy Yiuf zaps a wand.
The magic dart hits you!
* * * LOW HITPOINT WARNING * * *
Things that are here:
a dagger; a rotting kobold corpse Crazy Yiuf whimpers, "Rifle snail foot!"
Crazy Yiuf zaps a wand.
The magic dart hits you!
* * * LOW HITPOINT WARNING * * *
Crazy Yiuf zaps a wand.
The magic dart hits you!
You die...

#.......# #)...# #.##
#.......### #....#
##'#####
#.>.......#####....#
#......#
#.......#.....#....#
#.<....#
#.......#####......###
#......# #.......#
###..(...#####....).#
#.......#
#....#....##......#
#..)....#
#..(.####..#.....(#
#.).....# ##@###
##.'.....)# ##.######
#.# ###......# #...#
#)# ##'###..
####'##### #.# #.# ###
.........### #g# #.#
.........'.# #.# #.#
.....(...#.#####.###
#)##
.........#.##......#
#..#
.........#.........#
##.#


You could see Crazy Yiuf.

Vanquished Creatures
  5 adders
  A worm (D:3)
  4 giant geckos
  An ooze (D:3)
  6 orcs (D:3)
  5 giant cockroaches
  10 goblins
  7 hobgoblins
  6 kobolds
  2 quokkas
  9 bats
  A giant newt (D:2)
  4 jackals (D:2)
  3 rats
64 creatures vanquished.

Notes
Turn   | Place    | Note
--------------------------------------------------------------
     0 | D:1      | MarVin, the Demonspawn Fighter, began the quest for the Orb.
     0 | D:1      | Reached XP level 1. HP: 18/18 MP: 0/0
   197 | D:1      | Reached XP level 2. HP: 5/24 MP: 1/1
   766 | D:2      | Reached XP level 3. HP: 30/30 MP: 2/2
  1194 | D:2      | Reached XP level 4. HP: 32/36 MP: 3/3
  1851 | D:3      | Found an ancient bone altar of Kikubaaqudgha.
  2004 | D:3      | Noticed Crazy Yiuf
  2055 | D:3      | Killed from afar by Crazy Yiuf

Action                   |  1- 3 |  4- 6 || total
-------------------------+-------+-------++-------
Melee: Hand axe          |   147 |   189 ||   336
